 Dungeon Crawl Stone Soup version 0.30-a0-728-gc68057be0a (webtiles) character file.

Game seed: 12663397964433052713

874 jimonade the Grave Robber (level 7, 0/47 HPs)
             Began as a Demonspawn Necromancer on Jan 31, 2023.
             Was an Initiate of Yredelemnul.
             Slain by a killer bee (2 damage)
             ... on level 6 of the Dungeon.
             The game lasted 00:19:32 (5997 turns).

jimonade the Grave Robber (Demonspawn Necromancer)  Turns: 5997, Time: 00:19:33

Health: 0/47       AC: 18    Str:  9    XL:     7   Next: 74%
Magic:  15/15      EV: 12    Int: 24    God:    Yredelemnul [......]
Gold:   332        SH:  0    Dex: 13    Spells: 9/17 levels left

rFire   . . .      SeeInvis .    a - +1 short sword (protect)
rCold   . . .      Faith    .    (no shield)
rNeg    . . .      Spirit   .    d - +0 robe
rPois   +          Reflect  .    u - +1 hat
rElec   .          Harm     .    (no cloak)
rCorr   .          Rampage  .    (no gloves)
Will    .....      Clarity  +    l - +1 pair of boots
Stlth   ++                       (no amulet)
HPRegen 0.27/turn                h - ring of poison resistance
MPRegen 0.14/turn                v - +6 ring of intelligence

@: sanguine armoured, under a protective aura
A: powered by pain 1, sanguine armour 1, weakness stinger 1, horns 1, clarity
a: Renounce Religion, Recall Undead Harvest


You were on level 6 of the Dungeon.
You worshipped Yredelemnul.
Yredelemnul was noncommittal.
You visited 2 branches of the dungeon, and saw 7 of its levels.

You collected 332 gold pieces.

Inventory:

Hand Weapons
 a - a +1 short sword of protection (weapon)
 b - a +0 sling
Missiles
 z - 9 poisoned darts
Armour
 d - a +0 robe (worn)
 l - a +1 pair of boots (worn)
 n - a +0 kite shield
 u - a +1 hat (worn)
 w - a +0 scale mail
 x - a +0 leather armour
 A - a +0 ring mail
Magical Staves
 F - a staff of fire
Jewellery
 h - a ring of poison resistance (left hand)
 v - a +6 ring of intelligence (right hand)
Wands
 m - a wand of roots (10)
Scrolls
 j - 5 scrolls of teleportation
 o - a scroll of enchant weapon
 p - 2 scrolls of identify
 q - a scroll of immolation {unknown}
 s - 2 scrolls of amnesia
Potions
 c - a potion of haste
 e - 4 potions of brilliance
 f - 3 potions of curing
 g - 3 potions of berserk rage
 i - 2 potions of magic
 k - 3 potions of attraction


   Skills:
 + Level 0.7 Fighting
 + Level 1.0 Short Blades
 - Level 0.1 Ranged Weapons
 + Level 2.3 Dodging
 - Level 1.7 Stealth
 + Level 5.5 Spellcasting
 + Level 7.4 Necromancy
 * Level 2.3 Poison Magic


You had 9 spell levels left.
You knew the following spells:

 Your Spells              Type           Power      Damage    Failure   Level
a - Necrotise             Necr           100%       1d9       1%          1
b - Vampiric Draining     Necr           42%        2d9       1%          3
c - Animate Dead          Necr           42%        N/A       3%          4

Your spell library contained the following spells:

 Spells                   Type           Power      Damage    Failure   Level
 Sting                    Tmut/Pois      48%        1d5       4%          1
 Poisonous Vapours        Pois/Air       24%        N/A       8%          2
 Agony                    Necr           42%        N/A       11%         5
 Tukima's Dance           Hex            6%         N/A       26%         3
 Olgreb's Toxic Radiance  Pois           18%        N/A       30%         4
 Airstrike                Air            3%         2d(1-17)  63%         4
 Passage of Golubria      Tloc           6%         N/A       63%         4
 Summon Lightning Spire   Summ/Air       6%         N/A       63%         4
 Lightning Bolt           Conj/Air       3%         1d14      93%         5
 Yara's Violent Unravell  Hex/Tmut       3%         3d4       93%         5


Dungeon Overview and Level Annotations

Branches:
Dungeon (6/15)             Temple (1/1) D:4

Altars:
Ashenzari
Cheibriados
Dithmenos
Fedhas
Hepliaklqana
Kikubaaqudgha
Makhleb
Nemelex Xobeh
Okawaru
Qazlal
Ru
Sif Muna
Trog
Uskayaw
Vehumet
Wu Jian
Xom
Yredelemnul

Shops:
D:5 =

Annotations:
D:3 exclusion: downstairs


Innate Abilities, Weirdness & Mutations

You sometimes gain a little power by taking damage.
When seriously injured, your blood forms armour. (AC +6)
You have a small tail.
You have a pair of small horns on your head.
You possess an exceptional clarity of mind.


Message History

Your tail-slap misses the killer bee.
The killer bee stings you. x3
Your blood congeals into armour.
The killer bee stings you.
The killer bee stings you but does no damage.
The killer bee closely misses you.
You hit the killer bee.
Your weapon exudes an aura of protection.
The killer bee is lightly wounded.
The killer bee barely misses you. The killer bee stings you. x2
* * * LOW HITPOINT WARNING * * *
The killer bee stings you but does no damage.
The killer bee barely misses you.
You barely miss the killer bee.
The killer bee is lightly wounded.
The killer bee closely misses you. The killer bee stings you.
* * * LOW HITPOINT WARNING * * *
The killer bee stings you but does no damage.
The killer bee misses you. The killer bee completely misses you.
The killer bee stings you but does no damage. x2
You miss the killer bee.
You headbutt the killer bee, but do no damage.
The killer bee is lightly wounded.
The killer bee barely misses you. The killer bee stings you.
* * * LOW HITPOINT WARNING * * *
The killer bee stings you.
* * * LOW HITPOINT WARNING * * *
The killer bee barely misses you.
The killer bee stings you but does no damage.
The killer bee closely misses you.
The killer bee stings you but does no damage.
The killer bee stings you.
* * * LOW HITPOINT WARNING * * *
You hit the killer bee.
Your weapon exudes an aura of protection.
Your headbutt misses the killer bee.
The killer bee is moderately wounded.
The killer bee misses you.
The killer bee stings you but does no damage. x3
The killer bee stings you.
You die...
Your body rises from the dead as a mindless zombie.

................#
....####....###
.###Z.......# .#
#.######.##### ..
............# ..#
.##########.##
..# .# #..# ..#
.# ###y## ### .#
##.y@y#
..######..##y.#
#........y....#
#..≈≈≈≈≈≈≈≈≈..#
#..≈.....S.≈..#
#..§.#.###§≈..#
#..§.#...#.≈..#
#..§§#._.#.≈..#
#..≈.#...#.≈§##


You could see 4 killer bees.

Vanquished Creatures
  An orc warrior (D:6)
  An ogre (D:6)
  2 scorpions
  An orc priest (D:4)
  A hound (D:5)
  Natasha (twice) (D:2)
  An iguana (D:5)
  6 adders
  A worm (D:2)
  2 dart slugs
  5 orcs
  9 endoplasms
  8 giant cockroaches
  3 goblins
  11 hobgoblins
  7 jackals
  6 kobolds
  4 quokkas
  4 ball pythons
  6 bats
  5 rats
86 creatures vanquished.

Vanquished Creatures (collateral kills)
  An ogre (D:4)
  2 phantoms (D:5)
  A hound (D:5)
  An iguana (D:6)
  An adder (D:5)
  A shadow imp (D:5)
  An orc (D:4)
  4 endoplasms
  3 jackals
  A ball python (D:4)
  A rat (D:1)
17 creatures vanquished.

Vanquished Creatures (others)
  An ogre zombie (D:6)
  2 hound zombies (D:5)
  An iguana zombie (D:6)
  An adder zombie (D:5)
  A ball python zombie (D:4)
  An endoplasm zombie (D:4)
  2 orc zombies (D:6)
9 creatures vanquished.

Grand Total: 112 creatures vanquished

Notes
Turn   | Place    | Note
-------+----------+-------------------------------------------
     0 | D:1      | jimonade the Demonspawn Necromancer began the quest for the
                  | Orb.
     0 | D:1      | Reached XP level 1. HP: 13/13 MP: 3/3
   289 | D:1      | Gained mutation: You have a small tail. [demonic ancestry]
   289 | D:1      | Reached XP level 2. HP: 19/19 MP: 3/5
   959 | D:2      | Gained mutation: When seriously injured, your blood forms
                  | armour. (AC +6) [demonic ancestry]
   959 | D:2      | Reached XP level 3. HP: 24/24 MP: 1/6
  1052 | D:2      | Reached skill level 5 in Necromancy
  1374 | D:2      | Noticed Natasha
  1385 | D:2      | Killed Natasha
  1386 | D:2      | Reached XP level 4. HP: 23/30 MP: 2/9
  1469 | D:2      | Noticed Natasha
  1474 | D:2      | Killed Natasha
  1687 | D:2      | Learned a level 3 spell: Vampiric Draining
  2062 | D:3      | Found a faded altar of an unknown god.
  2122 | D:3      | Reached XP level 5. HP: 35/35 MP: 8/10
  2735 | D:3      | Learned a level 4 spell: Animate Dead
  2989 | D:4      | Noticed an ogre
  3001 | D:4      | Killed an ogre
  3002 | D:4      | Reached skill level 6 in Necromancy
  3236 | D:4      | Found a staircase to the Ecumenical Temple.
  3239 | D:4      | Found an ornate altar of the Wu Jian Council.
  3254 | Temple   | Entered the Ecumenical Temple
  3430 | Temple   | Became a worshipper of Yredelemnul the Dark
  3661 | D:4      | Reached XP level 6. HP: 36/41 MP: 2/12
  4327 | D:5      | Entered Level 5 of the Dungeon
  4378 | D:5      | Found Jogar's Jewellery Shoppe.
  4609 | D:5      | Reached * piety under Yredelemnul
  4732 | D:5      | Reached skill level 1 in Poison Magic
  4741 | D:5      | Reached skill level 5 in Spellcasting
  4741 | D:5      | Reached skill level 7 in Necromancy
  4741 | D:5      | Gained mutation: You sometimes gain a little power by
                  | taking damage. [demonic ancestry]
  4741 | D:5      | Reached XP level 7. HP: 26/46 MP: 14/14
  5603 | D:5      | Gained mutation: You possess an exceptional clarity of
                  | mind. [potion of mutation]
  5603 | D:5      | Gained mutation: You have a pair of small horns on your
                  | head. [potion of mutation]
  5755 | D:6      | Reached skill level 1 in Short Blades
  5977 | D:6      | Found a radiant altar of Vehumet.
  5996 | D:6      | HP: 2/47 [killer bee (2)]
  5997 | D:6      | Slain by a killer bee

Illustrated notes

Levels and vault maps discovered:
D:1:      dpeg_arrival_arbitrary_a, layout_basic
D:2:      layout_basic, uniq_natasha
D:3:      layout_basic, shapermc_ecumenical_altar_mp_vishouse
D:4:      layout_cave_pods, nzn_wu_jian_council_hall,
          minmay_temple_entry_offerings
D:5:      layout_loops_corners, lemuel_coloured_pillars_altar,
          minmay_shop_enchanted_jewellery
D:6:      layout_basic, mainiacjoe_overflow_brackets, grunt_ministairs_2
Temple:   regret_index_temple_chain_breaker

Skill      XL: |  1  2  3  4  5  6  7 |
---------------+----------------------+-----
Dodging        | 2 |  2.3
Necromancy     | 5 6 7 |  7.4
Spellcasting   | 3 4 5 |  5.5
Poison Magic   | 1 2 |  2.3
Short Blades   | 1 |  1.0
Fighting       | |  0.7
Ranged Weapons | |  0.1
Stealth        | |  1.7

Action                     |  1- 3 |  4- 6 |  7- 9 || total
---------------------------+-------+-------+-------++-------
  Melee: Short sword       |    20 |    54 |    24 ||    98
         Tailslap          |     4 |     6 |     1 ||    11
         Punch             |       |     1 |     2 ||     3
         Headbutt          |       |       |     3 ||     3
   Fire: Sling             |     6 |       |       ||     6
   Cast: Necrotise         |    60 |    64 |     6 ||   130
         Vampiric Draining |       |    10 |    11 ||    21
         Animate Dead      |       |     3 |       ||     3
 Invoke: Recall Undead Har |       |       |     1 ||     1
    Use: Scroll            |     1 |       |    16 ||    17
         Potion            |       |       |     1 ||     1
   Stab: Sleeping          |       |     1 |       ||     1
         Distracted        |       |       |     1 ||     1
 Armour: Robe              |     6 |    23 |    17 ||    46
  Dodge: Dodged            |    25 |    49 |    32 ||   106

Table legend: (Time is in decaauts)
 A = Elapsed time spent in this place.
 B = Non-inter-level travel time spent in this place.
 C = Inter-level travel time spent in this place.
 D = Time resting spent in this place.
 E = Time spent auto-exploring this place.
 F = Levels seen in this place.
 G = Mean time per level.
                   A        B        C        D        E       F      G
               +--------+--------+--------+--------+--------+-----+--------+
         Total |   5989 |   5718 |    271 |     92 |   4571 |   7 |  855.6 |
       Dungeon |   5797 |   5587 |    210 |     92 |   4459 |   6 |  966.2 |
        Temple |    191 |    130 |     61 |      0 |    112 |   1 |  191.0 |
               +--------+--------+--------+--------+--------+-----+--------+

Top non-repeatable levels by time:
     D:5: 1284 daAuts
     D:4: 1239 daAuts
     D:3: 1202 daAuts
     D:1: 917 daAuts
     D:2: 769 daAuts
     D:6: 384 daAuts
  Temple: 191 daAuts
